 Dungeon Crawl Stone Soup version 0.26-a0-259-g1effd001a9 (webtiles) character file.

Game seed: 6533287141793546958

25 sking99 the Stinger (level 2, 16/16 HPs)
             Began as a Deep Elf Venom Mage on July 20, 2020.
             Quit the game on level 1 of the Dungeon.
             The game lasted 00:03:02 (781 turns).

sking99 the Stinger (Deep Elf Venom Mage)            Turns: 781, Time: 00:03:03

Health: 16/16      AC:  2    Str:  5    XL:     2   Next: 86%
Magic:  6/8        EV: 13    Int: 19    God:
Gold:   17         SH:  0    Dex: 15    Spells: 4/7 levels left

rFire    . . .     SeeInvis .   (no weapon)
rCold    . . .     Faith    .   (no shield)
rNeg     . . .     Spirit   .   a - +0 robe
rPois    .         Reflect  .   (no helmet)
rElec    .         Harm     .   (no cloak)
rCorr    .                      (no gloves)
MR       .....                  (no boots)
Stlth    ++........             (no amulet)
HPRegen  0.05/turn              (no ring)
MPRegen  0.11/turn              (no ring)

@: no status effects
A: no striking features
a: no special abilities


You were on level 1 of the Dungeon.
You were full.

You visited 1 branch of the dungeon, and saw 1 of its levels.

You collected 17 gold pieces.

Inventory:

Armour
 a - a +0 robe (worn)
 e - a +0 kite shield
Jewellery
 b - an uncursed ring of protection from cold {unknown}
 d - an uncursed ring of stealth {unknown}
Scrolls
 f - a scroll of immolation {unknown}
Potions
 g - a potion of haste {unknown}
Comestibles
 c - 5 rations


   Skills:
 + Level 0.6 Fighting
 + Level 2.9 Dodging
 - Level 2.5 Stealth
 - Level 3.1 Spellcasting
 + Level 1.7 Transmutations
 + Level 3.6 Poison Magic


You had 4 spell levels left.
You knew the following spells:

 Your Spells              Type           Power        Failure   Level
a - Sting                 Tmut/Pois      ##..         4%          1
b - Poisonous Vapours     Pois/Air       #.....       11%         2

Your spell library contained the following spells:

 Spells                   Type           Power        Failure   Level
 Ignite Poison            Fire/Tmut/Pois #.......     22%         3
 Mephitic Cloud           Conj/Pois/Air  #.......     28%         3
 Olgreb's Toxic Radiance  Pois           ###.....     34%         4


Dungeon Overview and Level Annotations

Branches:
Dungeon (1/15)

Altars:


Message History

Memorise Poisonous Vapours, consuming 2 spell levels and leaving 4?
You start memorising the spell.
You continue memorising. x2
You finish memorising.
Spell assigned to 'b'.
You see here a rat corpse.
A hobgoblin comes into view. It is wielding a +0 club.
You see here a scroll labeled DEDIJISSUTWY.
Casting: Sting (safe; 4% risk of failure)
Confirm with . or Enter, or press ? or * to list all spells.
Aiming: Poisonous Vapours (safe; 11% risk of failure)
Press: ? - help, Dir - move target cursor, f - hobgoblin
Aim: a hobgoblin, wielding a +0 club (asleep) Poisonous vapours surround the hobgoblin!
The hobgoblin shouts!
You hear an angry hiss.
A ball python comes into view.
The hobgoblin is poisoned.
Casting: Poisonous Vapours (safe; 11% risk of failure)
Confirm with . or Enter, or press ? or * to list all spells.
You can't see any susceptible monsters within range! (Use Z to cast anyway.) Unknown command.
Are you sure you want to abandon this character and quit the game? (Confirm with "yes".)

.# S.#.... .. ..
#.#.#.. #.# #
....... #.# #.#..g.
#.# .. ....... ..#
... #.... #.# ...
#..#...##.# #.#
#.....@†.#######.#
#..##.###.......#.#
# .. #.#####.#.# #
. ##
#.........####.#
####...............
#............####.#
##.......#.# ..
#.##.####.# # #
#.##.# #.# ####


You could see a hobgoblin (poisoned) and a ball python.

Vanquished Creatures
  A dart slug (D:1)
  3 bats (D:1)
  2 giant cockroaches (D:1)
  3 hobgoblins (D:1)
  3 jackals (D:1)
  A ball python (D:1)
  2 frilled lizards (D:1)
  2 goblins (D:1)
  3 kobolds (D:1)
  2 rats (D:1)
22 creatures vanquished.

Notes
Turn   | Place    | Note
-------+----------+-------------------------------------------
     0 | D:1      | sking99 the Deep Elf Venom Mage began the quest for the
                  | Orb.
     0 | D:1      | Reached XP level 1. HP: 10/10 MP: 6/6
   249 | D:1      | Reached XP level 2. HP: 12/15 MP: 1/8
   778 | D:1      | Learned a level 2 spell: Poisonous Vapours
   781 | D:1      | Quit the game

Illustrated notes

Levels and vault maps discovered:
D:1:      nicolae_arrival_washed_ashore, layout_loops_cross,
          grunt_decor_mini_mirrors, minmay_pentomino_t4

Action                   || total
-------------------------++-------
Melee: Unarmed           ||     5
 Cast: Sting             ||    39
       Poisonous Vapours ||     1
  Eat: Ration            ||     1
Armor: Robe              ||     4
Dodge: Dodged            ||    16

Table legend:
 A = Non-vault XP
 B = Vault XP
 C = Vault XP percentage of total XP
 D = Non-vault monster count
 E = Vault monster count
 F = Vault count percentage of total count
                 A         B        C        D         E       F
            +---------+---------+-------+---------+---------+-------
      Total |      32 |       5 |  13.5 |      19 |       3 |  13.6
            +---------+---------+-------+---------+---------+-------
        D:1 |      32 |       5 |  13.5 |      19 |       3 |  13.6
            +---------+---------+-------+---------+---------+-------
